 Dungeon Crawl Stone Soup version 0.31.0-12-g77e489cdc1 (webtiles) character file.

Game seed: 4523597364022884331

1423 gohu the Thaumaturge (level 9, 0/59 HPs)
             Began as a Djinni Fire Elementalist on Mar 7, 2024.
             Was an Initiate of Makhleb.
             Shot with an arrow by a centaur (1 damage)
             ... on level 6 of the Dungeon.
             The game lasted 00:14:18 (5633 turns).

gohu the Thaumaturge (Djinni Fire Elementalist)     Turns: 5633, Time: 00:14:18

Health: 0/59       AC:  5    Str:  7    XL:     9   Next: 2%
Gold:   719        EV: 13    Int: 22    God:    Makhleb [......] SH:  0 Dex: 13

rFire   + + .        (no weapon)
rCold   x . .        (no shield)
rNeg    . . .        a - +0 robe
rPois   ∞            (no helmet)
rElec   .            o - +2 cloak
rCorr   .            (no gloves)
SInv    .            (boots unavailable)
Will    .....        (no amulet)
Stlth   ++           (no ring)
HPRegen 0.29/turn    (no ring)
MPRegen 0.00/turn

%: infuse magic (-1 HP)
@: flying, studying Dodging
A: sickness immunity, fire resistance 2, cold vulnerability 1, float, innate
caster, HP casting, extra vitality 1
a: Renounce Religion


You were on level 6 of the Dungeon.
You worshipped Makhleb.
Makhleb was noncommittal.
You visited 2 branches of the dungeon, and saw 7 of its levels.
You also visited: Ossuary.

You collected 719 gold pieces.

Inventory:

Armour
 a - a +0 robe (worn)
 o - a +2 cloak (worn)
Jewellery
 v - a ring of positive energy
Wands
 m - a wand of iceblast (8)
Scrolls
 b - a scroll of summoning {unknown}
 c - a scroll of torment
 f - a scroll of poison {unknown}
 h - 2 scrolls of immolation
 i - a scroll of teleportation
 l - a scroll of blinking {unknown}
 r - a scroll of brand weapon
 s - a scroll of revelation {unknown}
Potions
 d - 3 potions of lignification
 e - 4 potions of curing
 g - a potion of enlightenment
 j - 2 potions of berserk rage
 k - a potion of magic
 n - a potion of haste
 p - a potion of mutation
 q - a potion of resistance {unknown}
 t - a potion of invisibility {unknown}
 u - 2 potions of brilliance
 w - a potion of degeneration {unknown}


   Skills:
 + Level 2.3 Fighting
 + Level 4.6 Dodging
 - Level 1.5 Stealth
 * Level 8.2 Spellcasting
 * Level 8.2 Conjurations
 * Level 8.2 Hexes
   Level 0.0 Charms
 * Level 8.2 Summonings
 * Level 8.2 Necromancy
 * Level 8.2 Translocations
   Level 0.0 Transmutations
 * Level 8.2 Fire Magic
 * Level 8.2 Ice Magic
 * Level 8.2 Air Magic
 * Level 8.2 Earth Magic
 * Level 8.2 Alchemy


You knew the following spells:

 Your Spells              Type           Power      Damage    Failure   Level
a - Foxfire               Conj/Fire      100%       2x1d9     1%          1
b - Scorch                Fire           90%        2d8       1%          2
c - Volatile Blastmotes   Fire/Tloc      90%        2d17      1%          3
d - Inner Flame           Hex/Fire       45%        N/A       1%          3
e - Flame Wave            Conj/Fire      45%        2d12      2%          4
f - Summon Small Mammal   Summ           100%       N/A       1%          1
g - Static Discharge      Conj/Air       90%        3-7/arc   1%          2
h - Summon Ice Beast      Ice/Summ       45%        N/A       1%          3
i - Tukima's Dance        Hex            45%        N/A       1%          3
Your spell library was empty.

Dungeon Overview and Level Annotations

Branches:
Dungeon (6/15)             Temple (1/1) D:5         Ossuary (visited)

Altars:
Ashenzari
Cheibriados
Dithmenos
Elyvilon
Fedhas
Gozag
Makhleb
Nemelex Xobeh
Qazlal
Ru
Trog
Uskayaw
Wu Jian
Xom
Yredelemnul
Zin


Innate Abilities, Weirdness & Mutations

You are immune to sickness and miasma.
You are immune to poison.
Your flesh is very heat resistant. (rF++)
You are vulnerable to cold. (rC-)
You float through the air rather than walking.
You learn spells naturally, not from books.
Your magical power is your life essence.
You have superior vitality. (+4 MHP)


Message History

There is a stone staircase leading down here.
You now have 719 gold pieces (gained 10).
A centaur comes into view.
Casting: Scorch (safe; 1% risk of failure)
Confirm with . or Enter, or press ? or * to list all spells.
A cloud of volatile blastmotes flares up around you!
Run!
What are your orders? t - Shout!
Orders for allies: a - Attack new target. r - Retreat! s - Stop attacking. g - Guard the area. f - Follow me.
Anything else - Cancel.
You shout for attention!
You hear a shout!
The cloud of blastmotes explodes!
The concussive blast engulfs you. You resist.
You hear a shout!
Casting: Volatile Blastmotes (safe; 1% risk of failure)
Confirm with . or Enter, or press ? or * to list all spells.
A cloud of volatile blastmotes flares up around you!
Run!
The centaur wields a +0 shortbow of freezing.
It is covered in frost.
The centaur shoots an arrow.
The arrow closely misses you.
The centaur shoots an arrow.
The arrow hits you! The arrow freezes you.
Casting: Volatile Blastmotes (safe; 1% risk of failure)
Confirm with . or Enter, or press ? or * to list all spells.
Flames lash the centaur.
The centaur is heavily wounded.
The centaur's fire resistance burns away.
The centaur shoots an arrow.
The arrow hits you. The arrow freezes you.
The centaur shoots an arrow.
The arrow hits you!
* * * LOW HITPOINT WARNING * * *
The arrow freezes you.
* * * LOW HITPOINT WARNING * * *
The centaur shoots an arrow.
The arrow hits you.
* * * LOW HITPOINT WARNING * * *
The arrow freezes you.
* * * LOW HITPOINT WARNING * * *
The centaur shoots an arrow.
The arrow hits you.
* * * LOW HITPOINT WARNING * * *
The arrow freezes you.
You die...

..###
#.# c#
..# #.#
.# ###
#.# .#
#.#
####c###
#.#
#.c....#
#.#
#§######
#.# #.#
#.# #.#
#.# #@#
#.# #.#
#.# #.#
#.# #.#
# #.#
#.# ##
#.# #.#
.## #.#
#.#
..######
#.# #.#
#......#
#.# #.#


You could see a centaur (combustible).

Vanquished Creatures
  Grinder (D:6)
  2 black bears
  An ice beast (D:6)
  An elf zombie (Ossuary)
  2 burial acolytes (Ossuary)
  2 jellies
  4 bombardier beetles
  A hound (D:5)
  Crazy Yiuf (D:3)
  2 human zombies (Ossuary)
  2 iguanas
  2 orc wizards
  2 mummies (Ossuary)
  A howler monkey zombie (Ossuary)
  4 gnolls
  3 adders
  A white imp (D:5)
  2 ufetubi (D:5)
  2 dart slugs
  A ribbon worm (D:2)
  11 orcs
  5 bats
  7 endoplasms
  8 giant cockroaches
  9 goblins
  3 hobgoblins
  11 jackals
  6 quokkas
  10 ball pythons
  11 frilled lizards
  11 kobolds
  A kobold zombie (Ossuary)
  2 quokka zombies (D:5)
  5 rats
137 creatures vanquished.

Vanquished Creatures (collateral kills)
  A centaur (D:5)
  An orc priest (D:5)
  2 orcs (D:5)
  A quokka (D:1)
  3 frilled lizards (D:1)
  A foxfire (D:1)
9 creatures vanquished.

Vanquished Creatures (others)
  329 foxfires
329 creatures vanquished.

Grand Total: 475 creatures vanquished

Notes
Turn   | Place    | Note
-------+----------+-------------------------------------------
     0 | D:1      | gohu the Djinni Fire Elementalist began the quest for the
                  | Orb.
     0 | D:1      | gohu set off with the following spells memorised: Foxfire,
                  | Scorch, Volatile Blastmotes, Inner Flame, Flame Wave.
     0 | D:1      | Reached XP level 1. HP: 15/15 MP: 0/0
    42 | D:1      | Reached XP level 2. HP: 17/21 MP: 0/0
   373 | D:1      | Reached XP level 3. HP: 25/25 MP: 0/0
   373 | D:1      | Learned a level 1 spell: Summon Small Mammal
   946 | D:1      | Reached XP level 4. HP: 29/31 MP: 0/0
  1982 | D:3      | Reached XP level 5. HP: 33/35 MP: 0/0
  1982 | D:3      | Learned a level 2 spell: Static Discharge
  2455 | D:3      | Found a runed translucent door.
  2456 | D:3      | Noticed Crazy Yiuf
  2766 | D:3      | Killed Crazy Yiuf
  2767 | D:3      | Reached skill level 5 in Spellcasting
  2767 | D:3      | Reached skill level 5 in Conjurations
  2767 | D:3      | Reached skill level 5 in Hexes
  2767 | D:3      | Reached skill level 5 in Summonings
  2767 | D:3      | Reached skill level 5 in Necromancy
  2767 | D:3      | Reached skill level 5 in Translocations
  2767 | D:3      | Reached skill level 5 in Fire Magic
  2767 | D:3      | Reached skill level 5 in Ice Magic
  2767 | D:3      | Reached skill level 5 in Air Magic
  2767 | D:3      | Reached skill level 5 in Earth Magic
  2767 | D:3      | Reached skill level 5 in Alchemy
  3090 | D:4      | Reached XP level 6. HP: 34/40 MP: 0/0
  3145 | D:4      | Found a shadowy altar of Dithmenos.
  3146 | D:4      | Noticed a black bear
  3162 | D:4      | Killed a black bear
  3365 | D:4      | Reached XP level 7. HP: 44/45 MP: 0/0
  3365 | D:4      | Learned a level 3 spell: Summon Ice Beast
  3658 | D:5      | Entered Level 5 of the Dungeon
  3658 | D:5      | Found a staircase to the Ecumenical Temple.
  3678 | Temple   | Entered the Ecumenical Temple
  3705 | Temple   | Became a worshipper of Makhleb the Destroyer
  3999 | D:5      | Found a sand-covered staircase.
  4012 | Ossuary  | Entered an ossuary
  4012 | Ossuary  | Found a huge runed translucent gate.
  4012 | Ossuary  | Found a huge runed translucent gate.
  4012 | Ossuary  | Found a huge runed translucent gate.
  4012 | Ossuary  | Found a huge runed translucent gate.
  4012 | Ossuary  | Found a huge runed translucent gate.
  4012 | Ossuary  | Found a huge runed translucent gate.
  4012 | Ossuary  | Found a huge runed translucent gate.
  4012 | Ossuary  | Found a huge runed translucent gate.
  4044 | Ossuary  | Found a huge runed translucent gate.
  4047 | Ossuary  | Found a huge runed translucent gate.
  4047 | Ossuary  | Found a huge runed translucent gate.
  4048 | Ossuary  | Found a huge runed translucent gate.
  4048 | Ossuary  | Found a huge runed translucent gate.
  4050 | Ossuary  | Found a huge runed translucent gate.
  4050 | Ossuary  | Found a huge runed translucent gate.
  4069 | Ossuary  | Found a huge runed translucent gate.
  4069 | Ossuary  | Found a huge runed translucent gate.
  4069 | Ossuary  | Found a huge runed translucent gate.
  4069 | Ossuary  | Found a huge runed translucent gate.
  4069 | Ossuary  | Found a huge runed translucent gate.
  4070 | Ossuary  | Found a huge runed translucent gate.
  4070 | Ossuary  | Found a huge runed translucent gate.
  4072 | Ossuary  | Found a huge runed translucent gate.
  4072 | Ossuary  | Found a huge runed translucent gate.
  4073 | Ossuary  | Found a huge runed translucent gate.
  4073 | Ossuary  | Found a huge runed translucent gate.
  4074 | Ossuary  | Found a huge runed translucent gate.
  4074 | Ossuary  | Found a huge runed translucent gate.
  4079 | Ossuary  | Found a huge runed translucent gate.
  4079 | Ossuary  | Found a huge runed translucent gate.
  4086 | Ossuary  | Reached XP level 8. HP: 30/50 MP: 0/0
  4209 | Ossuary  | Found a huge runed translucent gate.
  4209 | Ossuary  | Found a huge runed translucent gate.
  4209 | Ossuary  | Found a huge runed translucent gate.
  4209 | Ossuary  | Found a huge runed translucent gate.
  4209 | Ossuary  | Found a huge runed translucent gate.
  4549 | D:5      | Identified a scroll of acquirement
  4550 | D:5      | Acquired a manual of Dodging
  4816 | D:6      | Noticed Grinder
  4825 | D:6      | Killed Grinder
  4826 | D:6      | Reached skill level 1 in Fighting
  5113 | D:6      | Found Yxop's Weapon Shoppe.
  5141 | D:6      | Reached XP level 9. HP: 31/59 MP: 0/0
  5141 | D:6      | Learned a level 3 spell: Tukima's Dance
  5632 | D:6      | HP: 2/59 [centaur/arrow (1)]
  5633 | D:6      | Shot with an arrow by a centaur

Illustrated notes

Levels and vault maps discovered:
D:1:      heliophobic_arrival_ceremonial_halls, layout_loops_ring,
          minmay_lizard_king
D:2:      layout_loops_ring, minmay_tripent
D:3:      layout_basic, kennysheep_pointless_box, uniq_crazy_yiuf_cottage
D:4:      layout_cave_pools, nicolae_dithmenos_shadow_blocks
D:5:      layout_cave_pools, minmay_temple_entry_overgrown, enter_ossuary_4
D:6:      layout_basic, serial_shops, nicolae_shop_tiny_waterfront, uniq_grinder
Temple:   hc_temple_tempest_star

Skill      XL: |  1  2  3  4  5  6  7  8 |
---------------+-------------------------+-----
Spellcasting   | 4 5 6 7 8 |  8.2
Conjurations   | 4 5 6 7 8 |  8.2
Hexes          | 4 5 6 7 8 |  8.2
Summonings     | 4 5 6 7 8 |  8.2
Necromancy     | 4 5 6 7 8 |  8.2
Translocations | 4 5 6 7 8 |  8.2
Fire Magic     | 4 5 6 7 8 |  8.2
Ice Magic      | 4 5 6 7 8 |  8.2
Air Magic      | 4 5 6 7 8 |  8.2
Earth Magic    | 4 5 6 7 8 |  8.2
Alchemy        | 4 5 6 7 8 |  8.2
Fighting       | 2 |  2.3
Dodging        | 4 |  4.6
Stealth        | |  1.5

Action                     |  1- 3 |  4- 6 |  7- 9 || total
---------------------------+-------+-------+-------++-------
  Melee: Unarmed           |       |     3 |       ||     3
   Cast: Foxfire           |    67 |   101 |    34 ||   202
         Summon Small Mamm |     6 |     5 |       ||    11
         Scorch            |     2 |    26 |    32 ||    60
         Volatile Blastmot |       |     3 |     5 ||     8
         Summon Ice Beast  |       |       |     4 ||     4
         Flame Wave        |       |       |     3 ||     3
    Use: Scroll            |       |       |    14 ||    14
         Potion            |       |       |     3 ||     3
 Armour: Robe              |    20 |    24 |    34 ||    78
  Dodge: Dodged            |    19 |    14 |    16 ||    49
